 Dungeon Crawl Stone Soup version 0.14-a0-2340-g8df0fbc (webtiles) character file.

23522 Deemzul the Cleaver (level 13, -8/72 HPs)
             Began as a Vine Stalker Fighter on Jan 30, 2014.
             Was a High Priest of Okawaru.
             Killed from afar by a manticore (11 damage)
             ... with a volley of spikes
             ... on Level 14 of the Dungeon.
             The game lasted 00:43:33 (10895 turns).

Deemzul the Cleaver (Vine Stalker Fighter)         Turns: 10895, Time: 00:43:33

HP  -8/72        AC 16     Str 29      XL: 13   Next:  3%
MP   0/25        EV  5     Int  6      God: Okawaru [*****.]
Gold 624         SH 24     Dex 15      Spells:  0 memorised, 12 levels left

rFire  . . .     SeeInvis .     I - +10,+4 demon blade "Frulucip" {venom, rPois rC+ rN+ Int-2}
rCold  + + +     Clarity  .     w - +1 plate armour
rNeg   + + .     Conserve .     c - +0 shield
rPois  +         rCorr    .     A - +2 hat
rElec  .         rRot     +     C - -3 cloak of the Townfolk {rC+ rN+ Dam+5}
SustAb . .       Spirit   +     (no gloves)
rMut   .         Warding  .     x - +0 pair of elf boots
Gourm  +         Stasis   .     X - amulet of the gourmand
MR     +....                    g - +6 ring of strength
                                r - ring of sustenance

@: about to teleport, somewhat resistant to hostile enchantments, extremely
unstealthy
A: fangs 3, cold resistance 1, deterioration 1, regeneration 3, shaggy fur 1,
magic shield, antimagic bite, no device heal
a: Heroism, Finesse, Renounce Religion


You were on level 14 of the Dungeon.
You worshipped Okawaru.
Okawaru was extremely pleased with you.
You were not hungry.

You visited 1 branch of the dungeon, and saw 14 of its levels.
You also visited: Labyrinth and Bailey.

You collected 699 gold pieces.
You spent 75 gold pieces at shops.

Inventory:

Hand weapons
 I - the +10,+4 demon blade "Frulucip" (weapon) {venom, rPois rC+ rN+ Int-2}
   (You took it off a kobold in a bailey)

   It poisons the flesh of those it strikes.
   It affects your intelligence (-2).
   It protects you from cold.
   It protects you from poison.
   It protects you from negative energy.
 V - the +5,+4 short sword "Killer Klown's Peril" {venom, rElec rPois MR++, unknown}
   (You found it in a labyrinth)

   It poisons the flesh of those it strikes.
   It insulates you from electricity.
   It protects you from poison.
   It affects your resistance to hostile enchantments.
Missiles
 i - 13 tomahawks of returning (quivered)
 y - 17 poisoned needles
 D - 8 needles of sleeping
Armour
 c - a +0 shield (worn)
 w - a +1 plate armour (worn)
 x - a +0 pair of elven boots (worn)
 A - a +2 hat (worn)
 C - the -3 cloak of the Townfolk (worn) {rC+ rN+ Dam+5}
   (You acquired it on level 9 of the Dungeon)

   It affects your damage with ranged weapons and melee attacks (+5).
   It protects you from cold.
   It protects you from negative energy.
Magical devices
 u - a wand of polymorph (12)
 v - a wand of random effects (10)
 B - a wand of frost (17)
 E - a wand of teleportation (0)
 H - a wand of enslavement (7)
 L - a wand of disintegration (7)
 M - a wand of fire (2)
Comestibles
 a - 4 pears
 d - 6 bread rations
 h - 10 meat rations
 q - 2 chokos
 F - 12 sultanas
 O - 6 honeycombs
 P - 3 lemons
 R - 3 cheeses
 Z - 14 grapes
Scrolls
 b - 8 scrolls of identify
 e - 4 scrolls of remove curse
 k - 4 scrolls of amnesia
 l - a scroll of enchant weapon I
 o - 4 scrolls of teleportation
 p - 3 scrolls of recharging
 T - 2 scrolls of silence
 U - a scroll of enchant weapon II
Jewellery
 f - an uncursed amulet of resist corrosion {unknown}
 g - a +6 ring of strength (right hand)
 n - an uncursed amulet of rage {unknown}
 r - a ring of sustenance (left hand)
 s - an uncursed ring of fire
 t - an uncursed ring of sustain abilities
 K - an uncursed amulet of clarity
 N - an uncursed amulet of rage {unknown}
 W - an uncursed ring of poison resistance {unknown}
 X - an amulet of the gourmand (around neck)
Potions
 m - 3 potions of curing
 Q - a potion of porridge
 Y - 2 potions of restore abilities
Books
 S - a book of Callings

   Spells                             Type                      Level
   Summon Small Mammal                Summoning                    1
   Call Imp                           Summoning                    2
   Call Canine Familiar               Summoning                    3
   Summon Scorpions                   Summoning/Poison             4
   Summon Ice Beast                   Ice/Summoning                4
Miscellaneous
 G - a lamp of fire (inert)
Rods
 z - a +5 lightning rod (5/10)
   (You took it off a minotaur in a labyrinth)


   Skills:
 + Level 10.7 Fighting
 + Level 3.6 Long Blades
   Level 11.6 Axes
 + Level 6.2 Armour
 + Level 6.8 Shields
 - Level 3.0 Invocations
 + Level 7.4 Evocations


You had 12 spell levels left.
You didn't know any spells.

Dungeon Overview and Level Annotations

Branches:
Dungeon (14/16)               Orc (0/4) D:11           Lair (0/8) D:9
 Vaults (0/5) D:14
 Temple: D:4-7

Altars:
Ashenzari
Dithmengos
Kikubaaqudgha
Nemelex Xobeh
Okawaru
Vehumet
Xom

Shops:
D:7 =   D:10 *%(=   D:12 (/%[   D:14 (/*%

Annotations:
D:3 Sigmund


Innate Abilities, Weirdness & Mutations

You have razor-sharp teeth.
You regenerate.
When hurt, damage is shared between your health and your magic reserves.
Your bite disrupts and absorbs the magic of your enemies.
Potions and wands cannot restore your HP.
Your flesh is cold resistant.
Your body is slowly deteriorating.
You are covered in fur (AC +1).


Message History

The barbed spikes become lodged in your body.
* * * LOW HITPOINT WARNING * * *
Unknown command.
Unknown command.
Unknown command.
Read which item? (? for menu, Esc to quit)
Okay, then.
Unknown command.
Unknown command.
You slice the manticore!!
The manticore looks even sicker.
The manticore is almost dead.
You kill the manticore!
Okawaru accepts your kill.
The manticore flicks its tail!
You block the volley of spikes.
Read which item? (? for menu, Esc to quit)
As you read the scroll of teleportation, it crumbles to dust.
You feel strangely unstable.
The manticore flicks its tail!
The volley of spikes skewers you!
The barbed spikes become lodged in your body.
You die...

#.# #.# #.# # #.# #.#
#(#### #
..######.###.((.# #
#.##......#####(# #
#.##..........#(#####
#.##..........#((....
#HH..#.#...?..#(#####
#.#....#∩.....(.# #
#l##@#.###....(##
#.HHHl..H##........(..#
..lHlH#.##.#.#.#.(...####
..H.HH#.##.....(......∩.#
#####
#.######.##.......### #..
.....'.......... #.#
###.##...:...... #.# #.
#..∩....... #.. ..
#..........


You could see 2 manticores.

Vanquished Creatures
  A minotaur (Lab)
  A yaktaur captain (D:14)
  The ghost of ghwc the Basher, an experienced LOFi of Beogh (Bailey)
  An unseen horror (D:14)
  2 hill giants
  A cyclops (D:13)
  2 griffons (D:14)
  The ghost of Turgon the Martial Artist, an experienced DsMo of Okawaru (D:9)
  An orc knight (Bailey)
  An elephant (D:14)
  Psyche (D:8)
  2 yaktaurs (D:14)
  2 fire drakes (D:14)
  A hydra zombie (D:11)
  A centaur zombie (D:12)
  A spriggan (shapeshifter) (D:11)
  2 two-headed ogres
  9 slime creatures
  2 trolls
  4 basilisks (D:14)
  11 yaks
  6 ugly things (D:13)
  A hill giant zombie (D:9)
  4 vampire mosquitoes (D:14)
  2 wraiths
  Eustachio (D:5)
  A deep elf fighter (D:9)
  A steam dragon (D:13)
  7 hungry ghosts
  3 manticores (D:14)
  2 soldier ants
  A mottled dragon (D:13)
  Edmund (D:8)
  4 orc warriors
  An ogre skeleton (D:14)
  4 sky beasts
  3 ogres
  3 phantoms
  2 ice beasts
  8 centaurs
  A crocodile (D:12)
  Duvessa (D:6)
  4 big kobolds
  A giant slug (D:8)
  A manticore zombie (D:13)
  7 giant frogs
  A manticore skeleton (D:13)
  A wyvern zombie (D:14)
  2 water moccasins
  2 cyclops skeletons
  An eye of draining (D:14)
  4 jellies
  15 killer bees
  Dowan (D:6)
  7 crimson imps
  A gnoll shaman (D:4)
  A spider (D:8)
  5 goliath beetles
  A giant frog zombie (D:8)
  2 orc priests
  5 orc wizards
  A water moccasin zombie (D:6)
  5 hounds
  A scorpion (D:10)
  12 worker ants
  2 iguanas
  Ijyb (D:3)
  A big kobold zombie (D:13)
  2 mottled dragon skeletons (D:13)
  A hound skeleton (D:6)
  Terence (D:3)
  A worker ant zombie (D:11)
  A mummy (D:8)
  14 gnolls
  3 adders
  A giant centipede (D:8)
  2 green rats (D:9)
  A giant mite (D:4)
  An inept feature mimic (D:2)
  3 worms
  An iguana skeleton (D:8)
  A giant eyeball (D:8)
  2 giant geckos
  2 oozes
  16 orcs
  3 ball pythons
  6 giant cockroaches
  15 goblins
  16 hobgoblins
  18 jackals
  A quokka (D:7)
  23 bats
  4 giant newts
  2 giant spores
  47 kobolds
  A quokka skeleton (D:4)
  16 rats
  4 ballistomycetes
  A fungus (D:9)
400 creatures vanquished.

Vanquished Creatures (collateral kills)
  An orc warrior (Bailey)
  2 gnolls
  A hobgoblin (Bailey)
  A goblin (Bailey)
5 creatures vanquished.

Vanquished Creatures (others)
  A fire drake (D:14)
  A fire elemental (Bailey)
  A giant spore (D:10)
3 creatures vanquished.

Grand Total: 408 creatures vanquished

Notes
Turn   | Place    | Note
--------------------------------------------------------------
     0 | D:1      | Deemzul, the Vine Stalker Fighter, began the quest for the Orb.
     0 | D:1      | Reached XP level 1. HP: 11/11 MP: 1/1
   126 | D:1      | Reached XP level 2. HP: 16/16 MP: 3/3
   174 | D:1      | Reached skill level 3 in Fighting
   358 | D:1      | Reached XP level 3. HP: 20/20 MP: 4/4
  1101 | D:2      | Reached XP level 4. HP: 24/24 MP: 5/5
  1258 | D:3      | Found a shadowy altar of Dithmengos.
  1282 | D:3      | Noticed Ijyb
  1289 | D:3      | Killed Ijyb
  1412 | D:3      | Noticed Sigmund
  1594 | D:3      | Reached XP level 5. HP: 14/28 MP: 2/7
  1600 | D:3      | Reached skill level 4 in Axes
  1816 | D:3      | Noticed Terence
  1833 | D:3      | Killed Terence
  2117 | D:3      | Paralysed by a potion of paralysis for 2 turns
  2511 | D:4      | Gained mutation: You heal very quickly. [vine stalker growth]
  2511 | D:4      | Reached XP level 6. HP: 18/33 MP: 8/8
  2538 | D:4      | Noticed an ogre
  2601 | D:4      | Killed an ogre
  2693 | D:5      | Entered Level 5 of the Dungeon
  2742 | D:5      | Reached skill level 5 in Axes
  2849 | D:5      | Reached XP level 7. HP: 36/38 MP: 9/9
  3166 | D:6      | Noticed Eustachio
  3176 | D:5      | Killed Eustachio
  3176 | D:5      | Reached skill level 5 in Fighting
  3176 | D:5      | Reached skill level 6 in Axes
  3211 | D:6      | Noticed Dowan
  3212 | D:6      | Noticed Duvessa
  3236 | D:6      | Killed Duvessa
  3254 | D:6      | Killed Dowan
  3358 | D:6      | Gained mutation: You have razor-sharp teeth. [vine stalker growth]
  3358 | D:6      | Reached XP level 8. HP: 39/44 MP: 11/11
  3419 | D:6      | Reached skill level 7 in Axes
  3673 | D:6      | Reached skill level 8 in Axes
  3870 | D:7      | Reached XP level 9. HP: 46/49 MP: 10/12
  4062 | D:7      | Found a radiant altar of Vehumet.
  4076 | D:7      | Found Bowkaofa's Jewellery Boutique.
  4693 | D:8      | Paralysed by a giant eyeball for 3 turns
  4705 | D:8      | Found a shimmering altar of Xom.
  4705 | D:8      | Found an ancient bone altar of Kikubaaqudgha.
  4705 | D:8      | Found a sparkling altar of Nemelex Xobeh.
  4706 | D:8      | Found a shattered altar of Ashenzari.
  4709 | D:8      | Found an iron altar of Okawaru.
  4721 | D:8      | Became a worshipper of Warmaster Okawaru
  4789 | D:8      | Reached skill level 9 in Axes
  4818 | D:8      | Noticed Edmund
  4831 | D:8      | Killed Edmund
  4948 | D:7      | Acquired Okawaru's first power
  5151 | D:8      | Reached skill level 10 in Axes
  5168 | D:8      | Noticed Psyche
  5182 | D:8      | Killed Psyche
  5280 | D:8      | Reached XP level 10. HP: 43/56 MP: 13/13
  5388 | D:8      | Reached skill level 1 in Invocations
  5600 | D:9      | Noticed Turgon's ghost (experienced DsMo)
  5701 | D:9      | Reached skill level 11 in Axes
  5757 | D:9      | Found a staircase to the Lair.
  5785 | D:9      | Killed Turgon's ghost
  5869 | D:9      | Identified a scroll of acquirement
  5870 | D:9      | Got a steaming cloak
  5873 | D:9      | Identified the -3 cloak of the Townfolk {rC+ rN+ Dam+5} (You acquired it on level 9 of the Dungeon)
  5955 | D:9      | Found a flagged portal.
  6038 | Bailey   | Entered a bailey
  6040 | Bailey   | Noticed ghwc's ghost (experienced LOFi)
  6058 | Bailey   | Killed ghwc's ghost
  6058 | Bailey   | Reached skill level 1 in Evocations
  6083 | Bailey   | Noticed an orc knight
  6091 | Bailey   | Killed an orc knight
  6227 | Bailey   | Got an ancient demon blade {venom}
  6292 | Bailey   | Identified the +10,+4 demon blade "Frulucip" {venom, rPois rC+ rN+ Int-2} (You took it off a kobold in a bailey)
  6808 | D:10     | Entered Level 10 of the Dungeon
  6837 | D:10     | Found Ymuac's Assorted Antiques.
  6846 | D:10     | Reached XP level 11. HP: 60/60 MP: 20/20
  6851 | D:10     | Bought a pair of elven boots for 50 gold pieces
  6851 | D:10     | Bought a lumpy white potion for 25 gold pieces
  6854 | D:10     | Gained mutation: Your flesh is cold resistant. [potion of mutation]
  6854 | D:10     | Gained mutation: Your body is slowly deteriorating. [potion of mutation]
  6854 | D:10     | Gained mutation: You are covered in fur (AC +1). [potion of mutation]
  7120 | D:10     | Found Baivim's Food Emporium.
  7129 | D:10     | Found Oxaitren's Weapon Boutique.
  7135 | D:10     | Found Piuf's Jewellery Shop.
  7850 | D:11     | Noticed a hill giant
  7855 | D:11     | Killed a hill giant
  7992 | D:11     | Found a staircase to the Orcish Mines.
  8553 | D:12     | Found Mnoshula's Weapon Shop.
  8596 | D:12     | Found Lyptimuit's Food Emporium.
  8724 | D:12     | Acquired Okawaru's second power
  8829 | D:12     | Found Kheuneun's Magical Wand Boutique.
  9030 | D:12     | Found Clocial's Antique Armour Shop.
  9147 | D:13     | Noticed a hill giant
  9150 | D:13     | Killed a hill giant
  9209 | D:13     | Reached skill level 5 in Evocations
  9220 | D:13     | Received a gift from Okawaru
  9220 | D:13     | Reached skill level 5 in Shields
  9526 | D:13     | Reached skill level 10 in Fighting
  9526 | D:13     | Gained mutation: You regenerate. [vine stalker growth]
  9526 | D:13     | Reached XP level 12. HP: 51/67 MP: 23/23
  9726 | D:13     | Reached skill level 5 in Armour
 10024 | D:14     | Found Jaynun's Antique Weapon Emporium.
 10155 | D:14     | Found Peecs' Assorted Antiques.
 10184 | D:14     | Found a gate to the Vaults.
 10185 | D:14     | Found a labyrinth entrance.
 10185 | D:14     | Noticed a yaktaur captain
 10201 | D:14     | Killed a yaktaur captain
 10201 | D:14     | Reached skill level 1 in Long Blades
 10305 | D:14     | Found Motuntud's Magical Wand Emporium.
 10339 | Lab      | Entered a labyrinth
 10456 | Lab      | Noticed a minotaur
 10462 | Lab      | Killed a minotaur
 10558 | Lab      | Got a slimy short sword
 10762 | D:14     | Found Ylal Ost's Food Shoppe.
 10838 | D:14     | Noticed a five-headed hydra
 10883 | D:14     | Reached XP level 13. HP: 12/72 MP: 25/25
 10892 | D:14     | HP: 3/72 [manticore (2)]
 10893 | D:14     | HP: 1/72 [manticore/volley of spikes (2)]
 10895 | D:14     | Killed from afar by a manticore

Action                   |  1- 3 |  4- 6 |  7- 9 | 10-12 | 13-15 || total
-------------------------+-------+-------+-------+-------+-------++-------
Melee: Hand axe          |   130 |   186 |   315 |   160 |       ||   791
       Demon blade       |       |       |       |   430 |    10 ||   440
Throw: Tomahawk          |       |       |       |    31 |       ||    31
Evoke: Wand              |       |       |     6 |    18 |       ||    24
       Lamp of fire      |       |       |       |     2 |       ||     2
       Rod               |       |       |       |     3 |       ||     3
  Use: Potion            |       |     5 |     2 |     8 |       ||    15
       Scroll            |       |     9 |       |    18 |     1 ||    28
 Stab: Distracted        |       |       |       |     1 |       ||     1
